AoeStats
← Juyhou

MegaRandom

508691619Analyzed
3v3 RM · 9d ago on Sep 23, 2026· 34m 5s· 6 players
Game mode
Random Map
Map size
Normal (6 player)
Population
200
Speed
Normal
Resources
Standard
Victory
Conquest
Starting age
Dark Age
Ending age
Imperial Age
RankedLock teamsTeams togetherTeam positionsShared explorationLock speedFull tech treeHidden civsTurbo modeCheats
Victory
Defeat
🇫🇮 Khmer · Finland
2076
+10
🇫🇮 Muisca · Finland
2013
+12
🇫🇮 Bengalis · Finland
1828
+20
🇲🇽 Lithuanians · Mexico
1986
-16
🇪🇸 Mapuche · Spain
1976
-16
🇲🇽 Maya · Mexico
1820
-10
VN_Zko
0:31 Loom
9:04 Feudal Age
23:46 Castle Age
22:16 Double-Bit Axe
24:29 Fletching
24:05 Crossbowman
25:19 Padded Archer Armor
25:25 Bodkin Arrow
30:07 Padded Archer Armor
30:48 Bow Saw
31:57 Ballistics
VN_DarK_KnighT_
8:30 Feudal Age
9:04 Double-Bit Axe
9:08 Loom
16:05 Wheelbarrow
23:30 Castle Age
21:40 Scale Barding Armor
21:46 Horse Collar
23:05 Bloodlines
24:42 Chain Barding Armor
VN_KoNFeR
6:33 Loom
8:49 Feudal Age
9:47 Double-Bit Axe
11:53 Fletching
21:46 Castle Age
22:09 Gold Mining
22:00 Horse Collar
21:51 Crossbowman
23:07 Padded Archer Armor
24:31 Ballistics
24:44 Leather Archer Armor
25:22 Bow Saw
25:11 Bodkin Arrow
25:12 Town Watch
30:49 Wheelbarrow
32:35 Elite Skirmisher
Juyhou
5:32 Loom
27:17 Feudal Age
28:00 Town Watch
31:05 Castle Age
29:19 Horse Collar
30:15 Double-Bit Axe
32:26 Wheelbarrow
33:00 Bow Saw
Villese
7:51 Loom
9:49 Feudal Age
13:20 Castle Age
11:05 Double-Bit Axe
14:13 Bow Saw
15:38 Horse Collar
21:48 Wheelbarrow
21:39 Bloodlines
22:38 Scale Barding Armor
23:03 Husbandry
23:50 Chain Barding Armor
23:49 Gold Mining
24:31 Forging
25:43 Gold Shaft Mining
25:36 Town Watch
26:26 Hand Cart
31:50 Imperial Age
30:43 Iron Casting
30:00 Stone Mining
33:09 Plate Barding Armor
32:08 Cavalier
33:39 Heavy Plow
TheMax
6:20 Loom
8:27 Feudal Age
9:21 Double-Bit Axe
11:50 Town Watch
12:57 Fletching
20:10 Castle Age
18:10 Horse Collar
20:16 Padded Archer Armor
20:15 Crossbowman
20:51 Bodkin Arrow
21:10 Bow Saw
25:34 Wheelbarrow
31:52 Imperial Age
30:53 Ballistics
32:33 Bracer
31:55 Arbalester
34:15 Chemistry
34:16 Leather Archer Armor
Connection lost

Rejoining the realm…

Still unreachable

The connection could not be restored.

Session expired

The server has moved on; the page needs a fresh start.